AoeStats
← TIMVP

Arena

509084394Analyzed
1v1 RM · 8d ago on Sep 25, 2026· 21m 13s· 2 players
Game mode
Random Map
Map size
Tiny (2 player)
Population
200
Speed
Normal
Resources
Standard
Victory
Conquest
Starting age
Dark Age
Ending age
Imperial Age
RankedLock teamsTeams togetherTeam positionsShared explorationLock speedFull tech treeHidden civsTurbo modeCheats
Victory
Defeat
🇧🇪 Khmer · Belgium
655
+9
🇵🇪 Danes · Peru
503
-9
TIMVP
6:07 Loom
14:02 Feudal Age
15:23 Wheelbarrow
14:38 Double-Bit Axe
14:58 Gold Mining
14:38 Man-at-Arms
19:04 Stone Mining
23:42 Castle Age
aoe2belgian
12:02 Feudal Age
15:13 Castle Age
13:25 Double-Bit Axe
13:42 Horse Collar
19:00 Loom
19:44 Scale Barding Armor
20:00 Forging
Connection lost

Rejoining the realm…

Still unreachable

The connection could not be restored.

Session expired

The server has moved on; the page needs a fresh start.